 Dungeon Crawl Stone Soup version 0.22-a0-570-g58866f5 (webtiles) character file.

795 Hebeh the Chopper (level 7, -3/62 HPs)
             Began as a Minotaur Fighter on June 30, 2018.
             Was a Believer of Trog.
             Slain by an ice beast (11 damage)
             ... on level 5 of the Dungeon.
             The game lasted 00:13:14 (4480 turns).

Hebeh the Chopper (Minotaur Fighter)                Turns: 4480, Time: 00:13:15

Health: -3/62      AC:  7    Str: 22    XL:     7   Next: 58%
Magic:  6/6        EV:  8    Int:  5    God:    Trog [**....]
Gold:   190        SH: 12    Dex: 10    Spells: 6/6 levels left

rFire    . . .     SeeInvis .   a - +0 war axe
rCold    . . .     Gourm    .   c - +2 shield
rNeg     . . .     Faith    .   b - +0 scale mail
rPois    .         Spirit   .   (helmet restricted)
rElec    .         Reflect  .   (no cloak)
rCorr    .         Harm     .   (no gloves)
MR       .....                  (no boots)
Stlth    ..........             (no amulet)
HPRegen  0.20/turn              (no ring)
MPRegen  0.10/turn              (no ring)

@: lethally poisoned (-3 -> -8)
A: retaliatory headbutt, horns 2
a: Berserk, Trog's Hand, Renounce Religion


You were on level 5 of the Dungeon.
You worshipped Trog.
Trog was pleased with you.
You were not hungry.

You visited 1 branch of the dungeon, and saw 5 of its levels.

You collected 190 gold pieces.

Inventory:

Hand Weapons
 a - a +0 war axe (weapon)
Armour
 b - a +0 scale mail (worn)
 c - a +2 shield (worn)
Jewellery
 i - an uncursed ring of fire {unknown}
 n - an uncursed ring of fire {unknown}
Scrolls
 e - 2 scrolls of identify
 g - 2 scrolls of fog
 l - 2 scrolls of magic mapping
 m - 6 scrolls of teleportation
Potions
 d - a potion of might
 h - 4 potions of cancellation
 j - 3 potions of curing {unknown}
 k - a potion of degeneration {unknown}
 p - a potion of haste {unknown}
Comestibles
 f - 13 rations
 o - 2 chunks of flesh


   Skills:
 + Level 5.7 Fighting
 * Level 6.8 Axes
 + Level 5.9 Armour
 + Level 5.8 Shields


You had 6 spell levels left.
You didn't know any spells.
Your spell library was empty.

Dungeon Overview and Level Annotations

Branches:
Dungeon (5/15)
 Temple: D:4-7

Altars:
Fedhas
Hepliaklqana
Makhleb
Trog
Wu Jian
Xom


Innate Abilities, Weirdness & Mutations

You reflexively headbutt those who attack you in melee.
You have a pair of horns on your head.


Message History

You hit the worker ant.
The worker ant is almost dead.
You hit the ice beast but do no damage.
You feel sick. You block the worker ant's attack.
You block the ice beast's attack.
You hit the worker ant.
You kill the worker ant!
Trog accepts your kill.
You slash the ice beast!
You feel sick.
The ice beast hits you but does no damage.
You feel sick.
You see here a worker ant corpse.
You barely miss the ice beast.
The ice beast is almost dead.
You feel sick. You block the ice beast's attack.
You completely miss the ice beast.
The ice beast is almost dead.
You feel sick. The ice beast hits you.
* * * LOW HITPOINT WARNING * * *
The ice beast freezes you!
You die...

#...............#
#..##..##(.##...#
#.####....####.##
#.## ##..## ##.#
#..## #(.# ##))####
#...###..###.......
##.#.......รท..#..###
#..#....(..[..#..#
#.Y@.###..###...:#
#...## #..# ##...#
#..## #..# ##..# #..#
.... #..# #... ..##.
...# #... ... . .#
#... ###


You could see an ice beast.

Vanquished Creatures
  A phantom (D:5)
  2 howler monkeys
  A crimson imp (D:5)
  A bullfrog skeleton (D:4)
  3 orc priests
  A hound (D:4)
  A jelly (D:5)
  Jessica (D:2)
  An orc wizard (D:4)
  An iguana (D:4)
  4 worker ants (D:5)
  6 gnolls
  6 adders
  An adder skeleton (D:4)
  A worm (D:3)
  3 dart slugs
  4 leopard geckos
  19 orcs
  3 giant cockroaches
  6 goblins
  3 hobgoblins
  15 jackals
  4 kobolds
  4 quokkas
  4 ball pythons
  9 bats
  6 frilled lizards
  12 rats
123 creatures vanquished.

Notes
Turn   | Place    | Note
-------+----------+-------------------------------------------
     0 | D:1      | Hebeh the Minotaur Fighter began the quest for the Orb.
     0 | D:1      | Reached XP level 1. HP: 19/19 MP: 0/0
   158 | D:1      | Reached XP level 2. HP: 25/27 MP: 1/1
   285 | D:1      | Reached skill level 3 in Axes
   688 | D:2      | Reached XP level 3. HP: 33/33 MP: 2/2
   839 | D:2      | Found a bloodstained altar of Trog.
   849 | D:2      | Became a worshipper of Trog the Wrathful
   885 | D:2      | Noticed Jessica
   909 | D:2      | HP: 1/33 [adder (4)]
   911 | D:2      | Reached XP level 4. HP: 15/40 MP: 3/3
   917 | D:2      | Killed Jessica
   917 | D:2      | Reached skill level 4 in Axes
   926 | D:2      | HP: 2/40 [poisoned by an adder]
  1497 | D:2      | Found a shimmering altar of Xom.
  1939 | D:3      | Reached XP level 5. HP: 41/47 MP: 4/4
  2122 | D:3      | Reached * piety under Trog
  2493 | D:3      | Reached skill level 5 in Axes
  2699 | D:3      | Found a blossoming altar of Fedhas.
  2784 | D:4      | Reached XP level 6. HP: 38/55 MP: 5/5
  2805 | D:4      | Reached skill level 5 in Armour
  2805 | D:4      | Reached skill level 5 in Shields
  3114 | D:4      | Reached skill level 5 in Fighting
  3251 | D:4      | Found an ornate altar of the Wu Jian Council.
  3251 | D:4      | Found a hazy altar of Hepliaklqana.
  3309 | D:4      | Found a burning altar of Makhleb.
  3639 | D:4      | Found a bloodstained altar of Trog.
  4065 | D:5      | Entered Level 5 of the Dungeon
  4070 | D:5      | Reached skill level 6 in Axes
  4070 | D:5      | Reached XP level 7. HP: 59/61 MP: 6/6
  4128 | D:5      | Reached ** piety under Trog
  4480 | D:5      | Slain by an ice beast

Vault maps used:
D:1:      lemuel_arrival_cross
D:2:      nicolae_overflow_hidden_temple, trog_three_pillars_becter,
          uniq_jessica
D:3:      fedhas_altar_4, first_ration
D:4:      lemuel_doored_altar, gammafunk_temple_overflow_elements,
          kennysheep_mini_moat
D:5:      slow_altar_2, minmay_temple_entry_overgrown, palyth_stone_intersect,
          kennysheep_generic_room_2

Skill      XL: |  1  2  3  4  5  6 |
---------------+-------------------+-----
Axes           | 3 4 5 6 |  6.8
Fighting       | 4 5 |  5.7
Armour         | 4 5 |  5.9
Shields        | 4 5 |  5.8

Action                   |  1- 3 |  4- 6 |  7- 9 || total
-------------------------+-------+-------+-------++-------
Melee: Hand axe          |   109 |   159 |       ||   268
       Headbutt          |    16 |    36 |    13 ||    65
       War axe           |     2 |    66 |    52 ||   120
Invok: Berserk           |       |     1 |       ||     1
  Use: Scroll            |     3 |     6 |     2 ||    11
       Potion            |     1 |     1 |       ||     2
  Eat: Chunk             |       |     9 |       ||     9
       Ration            |       |     1 |       ||     1
Armor: Scale mail        |    60 |    91 |    21 ||   172
Dodge: Dodged            |    43 |    56 |    13 ||   112
Block: Shield            |    54 |   133 |    33 ||   220

Table legend:
 A = Spawn XP
 B = Non-spawn XP
 C = Spawn XP percentage of total XP
 D = Spawn monster count
 E = Non-spawn monster count
 F = Spawn count percentage of total count
 G = Total turns spent on level
                    A         B        C        D         E        F      G
               +---------+---------+-------+---------+---------+-------+---------
         Total |       0 |    1136 |   0.0 |       0 |     123 |   0.0 |  4480
               +---------+---------+-------+---------+---------+-------+---------
           D:1 |       0 |      37 |   0.0 |       0 |      24 |   0.0 |   686
           D:2 |       0 |     130 |   0.0 |       0 |      25 |   0.0 |  1207
           D:3 |       0 |     190 |   0.0 |       0 |      36 |   0.0 |   838
           D:4 |       0 |     355 |   0.0 |       0 |      21 |   0.0 |  1334
           D:5 |       0 |     424 |   0.0 |       0 |      17 |   0.0 |   415
               +---------+---------+-------+---------+---------+-------+---------
